 Dungeon Crawl Stone Soup version 0.19-a0-488-gf8766cc (webtiles) character file.

420 shmeve the Chopper (level 6, -10/57 HPs)
             Began as a Deep Dwarf Berserker on June 5, 2016.
             Was a Priest of Trog.
             Mangled by an ice beast (12 damage)
             ... on level 4 of the Dungeon.
             The game lasted 00:07:46 (2597 turns).

shmeve the Chopper (Deep Dwarf Berserker)           Turns: 2597, Time: 00:07:47

Health: -10/57     AC:  7    Str: 22    XL:     6   Next: 62%
Magic:  6/6        EV: 11    Int:  8    God:    Trog [***...]
Gold:   185        SH:  3    Dex: 12    Spells: 0 memorised, 5 levels left

rFire  . . .     SeeInvis .     x - +0 hand axe (chop)
rCold  . . .     Gourm    .     l - +0 scale mail
rNeg   . . .     Faith    .     (no shield)
rPois  .         Spirit   .     (no helmet)
rElec  .         Dismiss  .     (no cloak)
rCorr  +         Reflect  +     (no gloves)
SustAt .         Harm     .     (no boots)
MR     .....                    p - +3 amulet of reflection
Stlth  ..........               (no ring)
                                s - ring of resist corrosion

@: non-regenerating, not resistant to hostile enchantments, extremely unstealthy
A: damage resistance, recharge devices, sense surroundings 1, slow regeneration
3
a: Device Recharging, Berserk, Trog's Hand, Burn Spellbooks, Renounce Religion


You were on level 4 of the Dungeon.
You worshipped Trog.
Trog was most pleased with you.
You were not hungry.

You visited 1 branch of the dungeon, and saw 4 of its levels.

You collected 185 gold pieces.

Inventory:

Hand Weapons
 x - a +0 hand axe of chopping (weapon)
Armour
 l - a +0 scale mail (worn)
Jewellery
 p - a +3 amulet of reflection (around neck)
 s - a ring of resist corrosion (left hand)
Wands
 c - a wand of heal wounds (6/9)
 j - a wand of confusion (16/48)
 q - a wand of flame (21/48)
Scrolls
 b - a scroll of noise {unknown}
 e - 6 scrolls of identify {unknown}
 n - 2 scrolls of teleportation
 v - a scroll of magic mapping
 w - a scroll of remove curse
 y - a scroll of enchant armour {unknown}
Potions
 g - 3 potions of flight {unknown}
 h - a potion of ambrosia {unknown}
 i - 2 potions of brilliance {unknown}
 m - a potion of cancellation {unknown}
 o - a potion of haste {unknown}
 r - a potion of curing {unknown}
 t - a potion of might {unknown}
 u - 2 potions of beneficial mutation {unknown}
Comestibles
 d - 2 bread rations
 f - a slice of pizza
 k - 2 meat rations


   Skills:
 * Level 4.2 Fighting
 * Level 5.3 Axes
 + Level 4.0 Armour
 + Level 3.4 Dodging
 + Level 2.3 Evocations


You had 5 spell levels left.
You didn't know any spells.

Dungeon Overview and Level Annotations

Branches:
Dungeon (4/15)
 Temple: D:4-7

Altars:
Nemelex Xobeh
Xom
Yredelemnul


Innate Abilities, Weirdness & Mutations

You are resistant to damage.
You can recharge devices by infusing magical energy.
You passively map a small area around you.
You do not regenerate naturally.


Message History

You closely miss the ice beast.
The ice beast is severely wounded.
The ice beast hits you. The ice beast freezes you!
You barely miss the ice beast.
The ice beast is severely wounded.
The ice beast hits you. The ice beast freezes you!
* * * LOW HITPOINT WARNING * * *
You hit the ice beast but do no damage.
The ice beast is severely wounded.
The ice beast hits you.
* * * LOW HITPOINT WARNING * * *
The ice beast freezes you!
* * * LOW HITPOINT WARNING * * *
You closely miss the ice beast.
The ice beast is severely wounded.
The ice beast hits you but does no damage.
You closely miss the ice beast.
The ice beast is severely wounded.
The ice beast hits you. The ice beast freezes you!
You die...

#..........#
#..........#
#..........#########
#..........'........
#.......)..#########
#..........#
###'########
##.#######*
#.@.......
#.Y.......
#.........
#.......(. *
##.####### #.# #.#
#.# *


You could see an ice beast.

Vanquished Creatures
  A crimson imp (D:4)
  A giant frog skeleton (D:4)
  An orc priest (D:4)
  A hound (D:4)
  Ijyb (D:3)
  An iguana (D:4)
  Natasha (thrice) (D:3)
  Robin (D:3)
  4 adders
  2 adder skeletons (D:4)
  2 worms
  A dart slug (D:1)
  5 giant geckos
  9 orcs
  3 ball pythons
  5 bats
  5 giant cockroaches
  13 goblins
  11 hobgoblins
  12 jackals
  8 kobolds
  4 giant newts
  3 rats
97 creatures vanquished.

Notes
Turn   | Place    | Note
--------------------------------------------------------------
     0 | D:1      | shmeve the Deep Dwarf Berserker began the quest for the Orb.
     0 | D:1      | Reached XP level 1. HP: 20/20 MP: 1/1
     2 | D:1      | Noticed a spriggan
     2 | D:1      | Noticed a demigod
     4 | D:1      | Noticed a vine stalker
     4 | D:1      | Noticed a felid
     6 | D:1      | Noticed a demonspawn
     6 | D:1      | Noticed a naga
     8 | D:1      | Noticed an octopode
    10 | D:1      | Noticed a troll
    10 | D:1      | Noticed a ghoul
    12 | D:1      | Noticed a centaur
    14 | D:1      | Noticed a vampire
    14 | D:1      | Noticed a human
    16 | D:1      | Noticed a halfling
    18 | D:1      | Noticed an ogre
    20 | D:1      | Noticed a draconian
    20 | D:1      | Noticed a formicid
    22 | D:1      | Noticed an elf
    22 | D:1      | Noticed a dwarf
    24 | D:1      | Noticed a gargoyle
    24 | D:1      | Noticed a minotaur
    26 | D:1      | Noticed a merfolk
    26 | D:1      | Noticed a tengu
    62 | D:1      | Reached skill level 1 in Evocations
    68 | D:1      | Reached XP level 2. HP: 16/27 MP: 2/2
   274 | D:1      | Reached XP level 3. HP: 25/34 MP: 3/3
   379 | D:1      | Reached ** piety under Trog
   552 | D:2      | Found a sparkling altar of Nemelex Xobeh.
   614 | D:2      | Found a basalt altar of Yredelemnul.
   703 | D:2      | Found a shimmering altar of Xom.
  1130 | D:2      | Reached XP level 4. HP: 39/42 MP: 4/4
  1215 | D:3      | Noticed Ijyb
  1246 | D:3      | Killed Ijyb
  1246 | D:3      | Reached skill level 4 in Axes
  1324 | D:3      | Noticed Robin
  1338 | D:3      | Killed Robin
  1369 | D:3      | Noticed Natasha
  1386 | D:3      | Reached XP level 5. HP: 34/49 MP: 6/6
  1392 | D:3      | Killed Natasha
  1497 | D:3      | Reached *** piety under Trog
  1656 | D:3      | Noticed Natasha
  1664 | D:3      | Killed Natasha
  1941 | D:3      | Noticed Natasha
  1951 | D:3      | Killed Natasha
  2036 | D:4      | Reached XP level 6. HP: 43/57 MP: 6/6
  2126 | D:4      | Reached skill level 5 in Axes
  2579 | D:4      | Noticed an ice beast
  2595 | D:4      | HP: 2/57 [ice beast (11)]
  2597 | D:4      | Mangled by an ice beast

Vault maps used:
D:1:      kb_arrival_jail, minmay_misc_feat_square
D:2:      old_standard_altar, xom_butterflies,
          nemelex_xobeh_ov_fountains_minmay, first_bread
D:3:      grunt_decor_clamped, uniq_natasha, uniq_iyjb, uniq_robin

Skill      XL: |  1  2  3  4  5  6 |
---------------+-------------------+-----
Evocations     | 1 2 |  2.3
Fighting       | 3 4 |  4.2
Axes           | 4 5 |  5.3
Armour         | 3 4 |  4.0
Dodging        | 3 |  3.4

Action                   |  1- 3 |  4- 6 || total
-------------------------+-------+-------++-------
Melee: Hand axe          |   102 |   194 ||   296
Invok: Berserk           |     1 |     3 ||     4
       Trog's Hand       |       |     2 ||     2
 Abil: Device Recharging |       |     1 ||     1
Evoke: Wand              |     2 |     3 ||     5
  Use: Scroll            |     5 |       ||     5
 Stab: Sleeping          |     1 |       ||     1
  Eat: Chunk             |     1 |     8 ||     9
       Beef jerky        |       |     1 ||     1
Armor: Animal skin       |    27 |       ||    27
       Scale mail        |       |    70 ||    70
       Ring mail         |       |     6 ||     6
Dodge: Dodged            |   109 |   125 ||   234
Block: Other             |       |    31 ||    31
